 Dungeon Crawl Stone Soup version 0.19.1 (webtiles) character file.

136 Mefis the Magician (level 4, -1/25 HPs)
             Began as a Deep Elf Wizard on Dec 22, 2016.
             Slain by a white imp (2 damage)
             ... summoned by Natasha
             ... on level 2 of the Dungeon.
             The game lasted 00:12:22 (2011 turns).

Mefis the Magician (Deep Elf Wizard)                Turns: 2011, Time: 00:12:22

Health: -1/25      AC:  3    Str:  4    XL:     4   Next: 98%
Magic:  4/13       EV: 13    Int: 24    God:
Gold:   148        SH:  5    Dex: 13    Spells: 6 memorised, 1 level left

rFire  + . .     SeeInvis .     p - +1 dagger (speed)
rCold  . . .     Gourm    .     a - +0 robe
rNeg   . . .     Faith    .     (no shield)
rPois  .         Spirit   .     b - +0 hat
rElec  .         Reflect  +     (no cloak)
rCorr  .         Harm     .     r - +0 pair of gloves
MR     .....                    (no boots)
Stlth  ++........               e - +5 amulet of reflection
                                (no ring)
                                j - ring of protection from fire

@: repel missiles
A: no striking features
a: no special abilities


You were on level 2 of the Dungeon.
You were not hungry.

You visited 1 branch of the dungeon, and saw 2 of its levels.

You collected 148 gold pieces.

Inventory:

Hand Weapons
 g - a +0 dagger
 o - a +0 vampiric falchion
 p - a +1 dagger of speed (weapon)
Armour
 a - a +0 robe (worn)
 b - a +0 hat (worn)
 r - a +0 pair of gloves (worn)
Jewellery
 e - a +5 amulet of reflection (around neck)
 j - a ring of protection from fire (left hand)
Scrolls
 f - a scroll of recharging {unknown}
 k - a scroll of enchant weapon {unknown}
 s - a scroll of identify {unknown}
Potions
 h - 2 potions of mutation {unknown}
 l - 2 potions of brilliance {unknown}
 n - a potion of magic {unknown}
 q - 4 potions of heal wounds {unknown}
Books
 c - a book of Minor Magic

   Spells                             Type                      Level
   a - Magic Dart                     Conjuration                  1
   b - Blink                          Translocation                2
   c - Call Imp                       Summoning                    2
   d - Repel Missiles                 Charms/Air                   2
   e - Slow                           Hexes                        2
   f - Conjure Flame                  Conjuration/Fire             3
   g - Mephitic Cloud                 Conjuration/Poison/Air       3
Comestibles
 d - 2 bread rations
 i - a royal jelly
 m - 3 fruits
 t - a chunk of flesh


   Skills:
 + Level 1.4 Fighting
 + Level 3.5 Dodging
 + Level 3.5 Stealth
 * Level 5.5 Spellcasting
 + Level 2.1 Conjurations
 - Level 1.1 Summonings
 - Level 1.1 Translocations


You had one spell level left.
You knew the following spells:

 Your Spells              Type           Power        Failure   Level  Hunger
a - Magic Dart            Conj           ###.         3%          1    None
b - Call Imp              Summ           ##......     12%         2    None
c - Blink                 Tloc           N/A          12%         2    None
d - Repel Missiles        Chrm/Air       #.....       14%         2    None
e - Mephitic Cloud        Conj/Pois/Air  ##......     21%         3    #......
f - Conjure Flame         Conj/Fire      ##......     21%         3    #......


Dungeon Overview and Level Annotations

Branches:
Dungeon (2/15)

Altars:

Annotations:
D:2 Natasha


Message History

The magic dart hits the white imp.
The white imp is moderately wounded.
The white imp hits you. The white imp freezes you.
Casting: Magic Dart
Confirm with . or Enter, or press ? or * to list all spells.
Aiming: Magic Dart
Press: ? - help, Shift-Dir - straight line, f/p - white imp
Aim: a white imp (moderately wounded, summoned)
The magic dart hits the white imp.
The white imp is heavily wounded.
The white imp hits you.
* * * LOW HITPOINT WARNING * * *
The white imp freezes you.
* * * LOW HITPOINT WARNING * * *
Casting: Magic Dart
Confirm with . or Enter, or press ? or * to list all spells.
You blink.
The white imp hits you.
* * * LOW HITPOINT WARNING * * *
The white imp freezes you.
You die...

......########.####.#
#.....# #
....................#
#.....# #
......#####.....###.#
#.....# # #######
#.....###.# #.....####
#......##.# #........†
#.....§##.# #......###
#......##.# #......###
#......##.####......#..
#.....@#.....#......#..
#....5.#.....#......###
#....§.#...(.#.....(.†.
#......#.......(..#.##.
######...........##.##.
######..........##.##.
#........##.....##.##.
#........##.....##.#..
#........##.....##.###


You could see a white imp.

Vanquished Creatures
  Natasha (twice) (D:2)
  4 gnolls (D:2)
  2 adders (D:2)
  An ooze (D:1)
  A dart slug (D:2)
  6 bats
  2 giant cockroaches
  2 goblins
  5 hobgoblins (D:1)
  A quokka (D:2)
  A ball python (D:1)
  2 frilled lizards (D:1)
  7 kobolds
  5 rats
41 creatures vanquished.

Vanquished Creatures (others)
  A kobold (D:2)
1 creature vanquished.

Grand Total: 42 creatures vanquished

Notes
Turn   | Place    | Note
-------+----------+-------------------------------------------
     0 | D:1      | Mefis the Deep Elf Wizard began the quest for the Orb.
     0 | D:1      | Reached XP level 1. HP: 10/10 MP: 7/7
   253 | D:1      | Reached XP level 2. HP: 15/15 MP: 3/9
   257 | D:1      | Learned a level 2 spell: Call Imp
   260 | D:1      | Learned a level 2 spell: Blink
   263 | D:1      | Learned a level 2 spell: Repel Missiles
  1055 | D:2      | Reached XP level 3. HP: 20/20 MP: 4/11
  1060 | D:2      | Learned a level 3 spell: Mephitic Cloud
  1127 | D:2      | Reached skill level 1 in Fighting
  1127 | D:2      | Reached skill level 5 in Spellcasting
  1262 | D:2      | Noticed Natasha
  1269 | D:2      | Killed Natasha
  1472 | D:2      | Reached XP level 4. HP: 25/25 MP: 5/13
  1485 | D:2      | Learned a level 3 spell: Conjure Flame
  1546 | D:2      | Noticed Natasha
  1552 | D:2      | Killed Natasha
  1708 | D:2      | Found a faded altar of an unknown god.
  2004 | D:2      | Noticed Natasha
  2011 | D:2      | HP: 1/25 [white imp[Natasha] (4)]
  2011 | D:2      | Slain by a white imp

Skill      XL: |  1  2  3 |
---------------+----------+-----
Fighting       | 1 |  1.4
Spellcasting   | 5 |  5.5
Dodging        | 3 |  3.5
Stealth        | 3 |  3.5
Conjurations   | 2 |  2.1
Summonings     | |  1.1
Translocations | |  1.1

Action                   |  1- 3 |  4- 6 || total
-------------------------+-------+-------++-------
Melee: Dagger            |     1 |     2 ||     3
 Cast: Magic Dart        |    73 |    23 ||    96
       Repel Missiles    |     1 |     1 ||     2
       Mephitic Cloud    |     2 |     3 ||     5
       Blink             |     1 |     1 ||     2
       Conjure Flame     |       |     1 ||     1
       Call Imp          |       |     1 ||     1
 Stab: Sleeping          |     1 |     1 ||     2
  Eat: Chunk             |     1 |     2 ||     3
Armor: Robe              |    18 |     1 ||    19
Dodge: Dodged            |    30 |     3 ||    33
       Deflected         |       |     1 ||     1
Block: Other             |    12 |     1 ||    13
       Reflection        |     1 |     1 ||     2
